 Dungeon Crawl Stone Soup version 0.18-a0-1229-ge9a1a01 (webtiles) character file.

23742 ololoev the Destroyer (level 12, -4/62 HPs)
             Began as a Deep Elf Fire Elementalist on Feb 4, 2016.
             Was the Champion of Sif Muna.
             Slain by an eight-headed hydra (6 damage)
             ... on level 7 of the Lair of Beasts.
             The game lasted 01:20:09 (7298 turns).

ololoev the Destroyer (Deep Elf Fire Elementalist)  Turns: 7298, Time: 01:20:10

Health: -4/62      AC: 15    Str:  5    XL:     12   Next: 74%
Magic:  14/29      EV: 13    Int: 26    God:    Sif Muna [******]
Gold:   1287       SH:  0    Dex: 15    Spells: 7 memorised, 8 levels left

rFire  . . .     SeeInvis .     o - +7 flail (protect)
rCold  . . .     Gourm    .     B - +1 leather armour {rPois}
rNeg   . . .     Faith    .     (no shield)
rPois  +         Spirit   .     (no helmet)
rElec  .         Dismiss  .     w - +0 cloak
rCorr  .         Reflect  .     k - +1 pair of gloves
SustAt .         Harm     .     y - +0 pair of boots
MR     +....                    (no amulet)
Stlth  +++.......               l - ring of wizardry
                                g - ring of stealth

@: somewhat resistant to hostile enchantments, fairly stealthy
A: yellow scales 1
a: Channel Energy, Forget Spell, Renounce Religion


Innate Abilities, Weirdness & Mutations

You are partially covered in yellow scales (AC +2).

Inventory:

Hand Weapons
 o - a +7 flail of protection (weapon)
Armour
 k - a +1 pair of gloves (worn)
 w - a +0 cloak (worn)
 y - a +0 pair of boots (worn)
 B - a +1 leather armour of poison resistance (worn)
Jewellery
 g - a ring of stealth (left hand)
 l - a ring of wizardry (right hand)
Wands
 H - a wand of acid (7/15)
 I - a wand of iceblast (3/15)
Scrolls
 b - a scroll of teleportation {unknown}
 d - 3 scrolls of recharging
 j - 3 scrolls of blinking {unknown}
 n - a scroll of magic mapping
 q - a scroll of enchant armour {unknown}
 x - 2 scrolls of fog
 A - a scroll of immolation {unknown}
 D - a scroll of acquirement {unknown}
 E - 2 scrolls of vulnerability {unknown}
 G - a scroll of amnesia {unknown}
Potions
 e - 2 potions of heal wounds
 f - a potion of resistance {unknown}
 i - 2 potions of flight
 m - a potion of ambrosia
 p - a potion of might
 r - 3 potions of curing
 s - 2 potions of agility
 z - 2 potions of lignification
 C - a potion of mutation {unknown}
 F - 3 potions of poison {unknown}
Comestibles
 a - 3 chunks of flesh
 c - a bread ration
 t - 4 meat rations
 u - 5 beef jerkies
 v - 20 fruits


   Skills:
 + Level 1.9 Fighting
 + Level 2.5 Armour
 + Level 3.7 Dodging
 - Level 2.4 Stealth
 + Level 11.4 Spellcasting
 * Level 13.2 Conjurations
 * Level 12.9 Fire Magic
 - Level 9.9 Invocations


You had 8 spell levels left.
You knew the following spells:

 Your Spells              Type           Power        Failure   Level  Hunger
a - Flame Tongue          Conj/Fire      #####        1%          1    None
b - Conjure Flame         Conj/Fire      ######..     1%          3    None
c - Sticky Flame          Conj/Fire      ######..     1%          4    None
d - Fireball              Conj/Fire      ######....   1%          5    ###....
e - Inner Flame           Hex/Fire       #####...     1%          3    None
f - Iron Shot             Conj/Erth      #####.....   45%         6    #####..
q - Regeneration          Chrm/Necr      ##........   9%          3    None


You were on level 7 of the Lair of Beasts.
You worshipped Sif Muna.
Sif Muna was exalted by your worship.
You were not hungry.

You visited 4 branches of the dungeon, and saw 21 of its levels.
You also visited: Ice Cave.

You collected 1287 gold pieces.

... #.. ...#
... ....## ...
.......# .
#........
##..##.#.. ##
###...#..... P#
#@#......... ##
##D#..#....# .#
##YJ.....# ####
####..#...# P.
...#
#.....#..## #..
...#
##..#.#...#....
##.P
#....#PP##?.. #
. #...#Y.Y.Y...
#.J#....P#.#

Notes
Turn   | Place    | Note
--------------------------------------------------------------
     0 | D:1      | ololoev the Deep Elf Fire Elementalist began the quest for the Orb.
     0 | D:1      | Reached XP level 1. HP: 10/10 MP: 6/6
    15 | D:1      | casual: Хехе, я тут утопией упарывался, где это дело решили при помощи "алюминиевой революции".
    31 | D:1      | casual: Почему алюминиевой? Потому что аммоналом.
   130 | D:1      | jacquesderrida: Утопия тоже фашизм!
   153 | D:1      | jacquesderrida: Весь романтизм обязательно фашизм
   164 | D:1      | jacquesderrida: Беда настоящая
   191 | D:1      | Reached XP level 2. HP: 15/15 MP: 6/8
   192 | D:1      | jacquesderrida: Любой последовательный романтик - будущий фашист...
   203 | D:1      | ololoev: тоже мне проблема - там фашисты, сям фашисты
   230 | D:1      | jacquesderrida: Еще бы не проблема...
   236 | D:1      | casual: Сведение к нацистам же.
   295 | D:1      | jacquesderrida: Фашизм не имеет времени...
   314 | D:1      | casual: Типичный демагогический приём. Берём что угодно и обзываем фашизмом/нацизмом.
   314 | D:1      | jacquesderrida: И нацизм - лишь малая доля фашихма
   314 | D:1      | jacquesderrida: зма
   315 | D:1      | jacquesderrida: Нет
   316 | D:1      | casual: Вот, например, ты сейчас пропагандируешь прямо как Геббельс.
   319 | D:1      | jacquesderrida: Я могу пояснить все
   362 | D:1      | jacquesderrida: И фашизм это не к геббельсу
   390 | D:1      | jacquesderrida: Просто слова более подходящего нет, оно исторически обусловлено
   440 | D:1      | casual: Если говорить про оригинальный фашизм, то это вообще итальянская фича, да.
   454 | D:1      | jacquesderrida: Да и не итальянская
   467 | D:2      | jacquesderrida: Я не про историю, а про психологические структуры
   467 | D:2      | casual: Но про тот, ярлык которого ты вешаешь, это как раз к Геббельсу.
   490 | D:2      | jacquesderrida: Фашизм как направленность личности на иррационализм и мистицизм
   493 | D:2      | ololoev: скажите, мне в этом тайлсете одному мерещатся пентаграммы на стенах?
   493 | D:2      | ololoev: вот тут например
   493 | D:2      | casual: Да.
   493 | D:2      | jacquesderrida: Потому я и сказал, что последовательный романтик всегда есть фашист...
   493 | D:2      | casual: Я не вижу.
   493 | D:2      | ololoev: отстой!
   493 | D:2      | jacquesderrida: Хороший пример -- гегельянство
   515 | D:2      | ololoev: демоны!
   548 | D:2      | casual: Хм. А дай-ка источник, пожалуйста, откуда ты взял определение "Фашизм как направленность личности на иррационализм и мистицизм"
   548 | D:2      | Reached XP level 3. HP: 19/19 MP: 8/10
   553 | D:2      | Learned a level 3 spell: Conjure Flame
   557 | D:2      | Learned a level 3 spell: Inner Flame
   615 | D:2      | casual: У ОЛОЛОЯ ПЕНТАГРАММЫ В ГЛАЗАХ! СЖЕЧЬ СРОЧНО ФАШИСТА!!
   619 | D:2      | Found an iron altar of Okawaru.
   643 | D:2      | jacquesderrida: Из психоанализа
   669 | D:2      | casual: Не, ты конкретно источник пожалуйста.
   675 | D:2      | casual: Книгу, строчку.
   701 | D:2      | jacquesderrida: Зачем тебе...
   733 | D:2      | Reached skill level 4 in Fire Magic
   740 | D:2      | casual: Потому что звучит как дикий бред. Я и хочу уточнить, так ли это.
   769 | D:2      | jacquesderrida: Почему бред
   770 | D:2      | Reached XP level 4. HP: 24/24 MP: 1/11
   833 | D:2      | Found an opulent altar of Gozag.
   836 | D:2      | casual: Ну вот и аргументируй, пожалуйста, авторитетным источником.
   881 | D:3      | jacquesderrida: Что аргументировать?
   928 | D:3      | casual: То самое, к чему я попросил источник.
  1006 | D:4      | ololoev: чертовы подземельевороты!
  1062 | D:5      | Entered Level 5 of the Dungeon
  1085 | D:4      | Learned a level 4 spell: Sticky Flame
  1120 | D:4      | Found a white marble altar of Elyvilon.
  1124 | D:4      | jacquesderrida: У райха можешь почитать про фашистскую структуру личности
  1124 | D:4      | ololoev: стоять
  1124 | D:4      | ololoev: посоны
  1124 | D:4      | ololoev: вы это видели?
  1124 | D:4      | jacquesderrida: что синонимично авторитарной структуре
  1124 | D:4      | casual: Повторяю. Пожалуйста, книгу и строчку.
  1124 | D:4      | jacquesderrida: Какую строчку?
  1124 | D:4      | casual: Где написано то, что ты сказал.
  1124 | D:4      | casual: Короче, забей.
  1124 | D:4      | jacquesderrida: Нет, не забей
  1124 | D:4      | casual: ololoev, нет? Что там было?
  1124 | D:4      | jacquesderrida: Какую тебе строчку
  1124 | D:4      | casual: >casual: Хм. А дай-ка источник, пожалуйста, откуда ты взял определение "Фашизм как направленность личности на иррационализм и мистицизм"
  1124 | D:4      | jacquesderrida: Для тебя в новинку, что у философов или социологов свои личные вокабуляры есть, или что?
  1124 | D:4      | casual: В общем, я понял, что это твой личный словарь и бред.
  1124 | D:4      | casual: Всё, отстал от тебя.
  1124 | D:4      | jacquesderrida: Или ты хочешь огромные академические словари со статьями "фашизм по марксу", "фашизм по райху"
  1124 | D:4      | jacquesderrida: Ну я тебе сказал, райха и его учеников почитай, у них у слова фашизм часто такое значение
  1124 | D:4      | jacquesderrida: личный словарь и бред
  1124 | D:4      | jacquesderrida: Необразованный ты, казуал, больно смотреть...
  1124 | D:4      | casual: Хаха.
  1124 | D:4      | jacquesderrida: По-моему, за эту дрочьбу на "строгие понятия" еще позитивистов по щекам лупили
  1124 | D:4      | casual: Ок. Ты интеллигент. Полный. А что я имею в виду — догадайся сам.
  1124 | D:4      | jacquesderrida: И ни один философ уже лет 180 даже не притворяется, что оперирует "строгими понятиями", даже в академической философии
  1124 | D:4      | jacquesderrida: да понятно все, казуал
  1124 | D:4      | jacquesderrida: Все, что не в словаре - страшно
  1124 | D:4      | jacquesderrida: Определение фашизма не из статьи на академике - ужас и бред
  1124 | D:4      | casual: Лол. Дело в том, что без общего контекста любое общение бессмысленно.
  1124 | D:4      | jacquesderrida: "общение"
  1124 | D:4      | casual: Если человек постоянно переопределяет слова, то с ним просто не получится разговаривать.
  1124 | D:4      | jacquesderrida: Да не выкручивайся уже, я тебе дал определение, но ты перевозбудился и пять сообщений требовал ссылок
  1124 | D:4      | jacquesderrida: И не успокоился даже после пояснений...
  1124 | D:4      | jacquesderrida: "общение"
  1124 | D:4      | jacquesderrida: Если у тебя такое общение, но лучше я тебя сразу на хуй пошлю, чем дальше мучиться и объяснять простые категории мышления...
  1124 | D:4      | casual: Ладно, считай что ты прав.
  1124 | D:4      | casual: Не буду тебя дёргать.
  1124 | D:4      | jacquesderrida: Хуяв...
  1124 | D:4      | jacquesderrida: Общение это выяснение кто прав, а кто виноват
  1124 | D:4      | jacquesderrida: тошнотворненько как, фу
  1124 | D:4      | ololoev: почитал вас и в очередной раз порадовался что я математик
  1124 | D:4      | ololoev: какие споры из-за неточных определений!
  1175 | D:4      | casual: Так что у тебя там было-то?
  1175 | D:4      | Reached XP level 5. HP: 28/28 MP: 8/13
  1176 | D:4      | jacquesderrida: Казул мутант с математическим мышлением
  1176 | D:4      | ololoev: Элина квокка убила другую квокку
  1176 | D:4      | casual: о_О
  1176 | D:4      | ololoev: само убийство я не видел
  1176 | D:4      | ololoev: но труп лежал недалеко от алтаря
  1176 | D:4      | casual: Может, что-то другое убило.
  1176 | D:4      | ololoev: зарепортил https://crawl.develz.org/tavern/viewtopic.php?f=17&t=19056
  1176 | D:4      | ololoev: за английский не пинать
  1176 | D:4      | ololoev: да вряд ли, что еще может убить враждебного моба?
  1196 | D:5      | casual: Ловушка.
  1211 | D:4      | ololoev: у меня nhfyr
  1211 | D:4      | ololoev: транк
  1229 | D:4      | casual: ..И?
  1232 | D:4      | ololoev: в транке нет ловушек
  1232 | D:4      | casual: ЩИТО
  1232 | D:4      | ololoev: ну там всякие теле не в счет
  1232 | D:4      | ololoev: ловушек с ножницами и бензопилами нет
  1232 | D:4      | ololoev: от телека не знаю случаев смерти
  1238 | D:4      | Found a shimmering altar of Xom.
  1256 | D:4      | casual: >Don't become scared
  1258 | D:4      | casual: >You should be scared now.
  1258 | D:4      | casual: INCONSISTENCY!
  1258 | D:4      | ololoev: ну у меня хреново с грамматикой
  1258 | D:4      | ololoev: как правильно?
  1263 | D:4      | Noticed an ogre
  1265 | D:4      | casual: Не в том дело.
  1272 | D:4      | casual: У тебя то "не бойся", то "бойся".
  1279 | D:4      | Killed an ogre
  1280 | D:4      | ololoev: так суть в том что не надо бояться когда-то потом, пора бояться сейчас
  1295 | D:4      | casual: Кек.
  1396 | D:4      | ololoev: ксом защити!!!
  1436 | D:4      | casual: Хаа. Я думал, что ты сам в ловушку.
  1441 | D:4      | Reached skill level 5 in Spellcasting
  1441 | D:4      | ololoev: не
  1441 | D:4      | ololoev: чукча умный
  1441 | D:4      | Reached XP level 6. HP: 28/32 MP: 2/15
  1669 | D:5      | Reached skill level 5 in Conjurations
  1688 | D:5      | jacquesderrida: Так один грызун мог убить другого
  1727 | D:5      | jacquesderrida: Нужно у девов спросить, что меняется в отношениях чудовищ при союзе или нейтралитете с игроком...
  1727 | D:5      | ololoev: он должен был внемлить Эливилоне
  1727 | D:5      | ololoev: нейтрал вроде может случайно вломить враждебному мобу
  1924 | D:5      | Found an iron altar of Okawaru.
  1931 | D:5      | Noticed an ice beast
  2026 | D:5      | Killed an ice beast
  2026 | D:5      | Reached skill level 5 in Fire Magic
  2060 | D:6      | Found a glowing silver altar of Zin.
  2101 | D:6      | Found a staircase to the Ecumenical Temple.
  2103 | D:6      | jacquesderrida: Бля...
  2112 | Temple   | Entered the Ecumenical Temple
  2113 | Temple   | jacquesderrida: Так понятно же все
  2139 | D:6      | jacquesderrida: Грызун маркирован как дружественный игроку
  2177 | D:6      | Noticed Grinder
  2178 | D:6      | jacquesderrida: А они стремятся убивать его врагов
  2183 | D:6      | jacquesderrida: Это случайная крыска
  2187 | D:6      | ololoev: должен был пасифаить
  2187 | D:6      | ololoev: не по уставу поступил
  2196 | D:6      | Reached XP level 7. HP: 36/36 MP: 8/17
  2216 | D:6      | jacquesderrida: Аййй, так ты шуткуешь!
  2222 | D:6      | Learned a level 5 spell: Fireball
  2222 | D:6      | jacquesderrida: ну да
  2223 | D:6      | jacquesderrida: И пост ведь не на мантисе
  2232 | D:6      | jacquesderrida: И грызун у эли всего один!
  2239 | D:6      | jacquesderrida: Мде
  2249 | D:6      | Killed Grinder
  2249 | D:6      | Reached skill level 6 in Spellcasting
  2265 | D:6      | jacquesderrida: Последний оплот не игрового взаимодействия существ
  2268 | D:6      | jacquesderrida: NATURAL ANIMOSITY
  2336 | D:6      | Noticed Edmund
  2366 | D:6      | HP: 1/36 [Edmund/flail of protection (6)]
  2435 | D:6      | Killed Edmund
  2435 | D:6      | Reached XP level 8. HP: 20/41 MP: 0/19
  2457 | D:6      | Found a sparkling altar of Nemelex Xobeh.
  2619 | D:7      | Reached skill level 7 in Conjurations
  2729 | D:6      | Gained mutation: You are partially covered in yellow scales (AC +2). [potion of beneficial mutation]
  2754 | D:7      | jacquesderrida: https://en.wikipedia.org/wiki/Anti-Oedipus#Fascism.2C_the_family.2C_and_the_desire_for_oppression
  2761 | D:7      | jacquesderrida: Вспомнил хорошую ссылку
  2761 | D:7      | jacquesderrida: Но блядь
  2770 | D:7      | Found a basalt altar of Yredelemnul.
  2777 | D:7      | jacquesderrida: Это же ебануться
  2817 | D:7      | Learned a level 3 spell: Regeneration
  2818 | D:7      | ololoev: регенчик
  2818 | D:7      | ololoev: я точно должен дотянуть до сифы
  2832 | D:7      | jacquesderrida: "Общение" с казуалом возродило перед глазами подобные "общения" за всю жизнь...
  2888 | D:7      | jacquesderrida: Все эти люди, игнорирующие социальные конвенции, социальные ретарды...
  2888 | D:7      | jacquesderrida: Меня это очень травмирует, до глубины души...
  2888 | D:7      | jacquesderrida: ж:(
  2890 | D:7      | Reached skill level 8 in Conjurations
  2907 | D:7      | ololoev: палехче с ретардами, у нас уже были прецеденты!
  2913 | D:7      | Found a deep blue altar of Sif Muna.
  2916 | D:7      | Became a worshipper of Sif Muna the Loreminder
  2917 | D:7      | jacquesderrida: Это какие...
  2917 | D:7      | ololoev: кто-то в треде кого-то вроде как в шутку назвал ретардом
  2917 | D:7      | ololoev: оказалось ретардом назвали казуала
  2917 | D:7      | ololoev: потом тред пришлось забросить и заделать новый
  2917 | D:7      | jacquesderrida: Так это же проведение...
  2917 | D:7      | ololoev: говорят три анона в больнице, еще 8 отделались незначительными травмами
  2957 | D:7      | jacquesderrida: О чем там разговариваете?
  2957 | D:7      | ololoev: в треде?
  2957 | D:7      | jacquesderrida: Да
  2957 | D:7      | ololoev: как обычно
  2957 | D:7      | ololoev: ньюфаги спрашивают где кнопка таба
  2957 | D:7      | ololoev: олдфаги спорят о чеи
  2957 | D:7      | jacquesderrida: Хотя я подозреваю, что игроки приходят и уходят, поэтому игровые темы более-менее живые
  2957 | D:7      | ololoev: по поводу английского как-то был тред
  2966 | D:7      | jacquesderrida: Что хорошего сказали?
  2966 | D:7      | ololoev: а я уже не помню, тредов 5 назад это было
  2966 | D:7      | ololoev: да и я в этой теме не силен, не стал разбираться
  3026 | D:7      | Reached skill level 1 in Invocations
  3040 | D:7      | ololoev: и вообще в последнее время тред мало бампается как-то
  3040 | D:7      | ololoev: видимо поток активных ньюфагов поиссяк
  3089 | D:7      | jacquesderrida: Может, с голоду все умерли
  3089 | D:7      | jacquesderrida: Те, кто из провинций...
  3089 | D:7      | jacquesderrida: Или от тоски
  3089 | D:7      | jacquesderrida: Некому играть в крол, эххххх
  3089 | D:7      | ololoev: интересно как сейчас в провинциях с кризисом
  3089 | D:7      | jacquesderrida: Плохо
  3089 | D:7      | jacquesderrida: Говорят, что уже около 10 миллионов едва выживают
  3089 | D:7      | ololoev: по ценам на жратву я сильных различий не увидел, проблемы с невыплатами зарплаты разве что могут быть
  3089 | D:7      | casual: 82 поста за вчера. Нормально бампается.
  3089 | D:7      | jacquesderrida: В этом году предрекают 22 миллиона
  3089 | D:7      | casual: Пока я не пришёл с новой шапкой и личным бложеком, столько за месяц было.
  3089 | D:7      | jacquesderrida: Как не увидел различий?
  3089 | D:7      | jacquesderrida: Не только в столицах ведь такое
  3089 | D:7      | ololoev: ну хз, жратва по-моему как стоила, так и стоит
  3089 | D:7      | jacquesderrida: Я в 2014 покупал трубочный табак по 410 и 470 рублей за банку
  3089 | D:7      | jacquesderrida: Сейчас уже за тысячу перевалили, ебануться
  3089 | D:7      | ololoev: то что из-за границы везли типа сыров - подорожало, да
  3089 | D:7      | ololoev: а, ну это же не продукт питания
  3089 | D:7      | ololoev: как ыб повод бросить курить
  3089 | D:7      | jacquesderrida: А мне не нужно бросать, трубка же...
  3089 | D:7      | jacquesderrida: Но продукты не только иностранные подорожали
  3089 | D:7      | ololoev: по данным минтруда задолженность по зарплате составляет 3млрд рублей
  3089 | D:7      | jacquesderrida: Вернее, не только завозимые из долларовых или евро сегментов
  3089 | D:7      | ololoev: если по 30к должны то это 100к человек пострадали
  3089 | D:7      | jacquesderrida: Ага
  3089 | D:7      | ololoev: но учитывая что в регионах, да и в столицах тоже, много платится по-черному, масштабы побольше выйдут в несокльок раз
  3089 | D:7      | jacquesderrida: 3 млрд это сколько, неделю асадовских противников побомбить?
  3089 | D:7      | ololoev: молоко что я обычно покупаю выросло примерно с 42 до 46.
  3089 | D:7      | ololoev: 10%
  3089 | D:7      | jacquesderrida: Беда еще в том, что почти все малые бизнесы разорились
  3089 | D:7      | jacquesderrida: И разоряются прямо сейчас
  3089 | D:7      | jacquesderrida: К концу года уже нихуя не останется
  3089 | D:7      | jacquesderrida: Книжные магазинчики как мухи мрут
  3089 | D:7      | jacquesderrida: Мелкие интерпрайзы по пизде идут
  3089 | D:7      | ololoev: у книг вообще сейчас тяжелая судьба
  3089 | D:7      | ololoev: если честно, я даже немного рад складывающейся ситуации
  3089 | D:7      | jacquesderrida: Да, у них давно она тяжелая, но сейчас им уже просто пулю в голову пустили...
  3089 | D:7      | jacquesderrida: Почему?
  3089 | D:7      | ololoev: в России нет нормального производства и 90% фирм живет на перепродажах
  3089 | D:7      | ololoev: сейчас именно таким фирмам приходится тяюко
  3089 | D:7      | ololoev: *тяжко
  3089 | D:7      | jacquesderrida: А чего хорошего-то
  3089 | D:7      | ololoev: а нафига перепродавать когда надо самим делать
  3089 | D:7      | jacquesderrida: Ну, рынок так не работает
  3089 | D:7      | jacquesderrida: Все продают то, что могут
  3089 | D:7      | jacquesderrida: Наше производство давно сдохло и разложилось, откуда новому-то взяться
  3089 | D:7      | jacquesderrida: Продавали, что могли
  3089 | D:7      | jacquesderrida: Теперь и услуги отсохли
  3089 | D:7      | ololoev: не ну если так думать что вот, все сдохло, тогда проще упразднить РФ и раздать территории развитым странам
  3089 | D:7      | jacquesderrida: Призрак капитала бродит по стране
  3089 | D:7      | ololoev: если производства нет то надо его поднимать хоть как-то
  3089 | D:7      | jacquesderrida: Упразднить рф - это верная мысль
  3089 | D:7      | ololoev: раньше мазы поднимать не было - заграничные товары дешевые, проще перепродавать
  3089 | D:7      | jacquesderrida: И сейчас нет
  3089 | D:7      | jacquesderrida: Потому что не поднимаешь
  3089 | D:7      | jacquesderrida: А только весь капитал раздашь бумажкоперекладывающему племени
  3089 | D:7      | ololoev: сейчас если вася пупкин научится делать у себя в колхозе камембер по 400р/кг то он будет нарасхват в магазинах
  3089 | D:7      | jacquesderrida: Скорее он будет на расхват у местных чиновников
  3089 | D:7      | jacquesderrida: А потом его камембер отожмут, а самого васю пустят по миру
  3089 | D:7      | jacquesderrida: У нас в петербурге за последние несколько лет на моих глазах три хороших семейных кафе отжали...
  3089 | D:7      | jacquesderrida: Вернее - помещения
  3089 | D:7      | jacquesderrida: Это только на глазах
  3089 | D:7      | jacquesderrida: Рассказов таких я слышал очень, очень много
  3089 | D:7      | ololoev: я вот кстати тоже слышал, и именно про Питер
  3089 | D:7      | jacquesderrida: Знакомые жалуются, что душат их тысячами ебанутых инспекций, и каждому на лапу дать нужно, иначе не одобрят и привет
  3089 | D:7      | jacquesderrida: Не нужно сейчас ничего поднимать
  3089 | D:7      | jacquesderrida: Нужно почву унавозить
  3089 | D:7      | ololoev: в таком случае да, надо ждать полной смены власти
  3089 | D:7      | ololoev: или валить при случае
  3089 | D:7      | jacquesderrida: Желательно телами тех, которые такие структуры укрепили на институальном уровне...
  3089 | D:7      | jacquesderrida: Да, смены
  3089 | D:7      | ololoev: чертовы разработчики, кто додумался назвать функцию Raphael
  3089 | D:7      | jacquesderrida: А как, варягов ждать...
  3089 | D:7      | ololoev: давайте я буду называть все в своем коде именем своего кота, друзей, улиц в городе
  3089 | D:7      | ololoev: да, перспективы у нас так себе конечно
  3089 | D:7      | jacquesderrida: А чтось, ренессанс...
  3206 | D:7      | Reached XP level 9. HP: 43/45 MP: 9/22
  3440 | D:8      | Reached * piety under Sif Muna
  3505 | D:8      | Reached skill level 9 in Conjurations
  3924 | D:9      | Reached skill level 5 in Invocations
  3935 | D:9      | Found a burning altar of Makhleb.
  3936 | D:9      | Found a stormy altar of Qazlal.
  3989 | D:9      | Reached ** piety under Sif Muna
  4030 | D:10     | Entered Level 10 of the Dungeon
  4087 | D:9      | Noticed an unseen horror
  4091 | D:9      | Killed an unseen horror
  4091 | D:9      | Reached XP level 10. HP: 38/49 MP: 2/24
  4293 | D:9      | Reached skill level 10 in Conjurations
  4319 | D:9      | Reached skill level 10 in Fire Magic
  4371 | D:9      | Got a spiked chain mail
  4382 | D:9      | Identified the +2 chain mail of Gaogunit {rPois Dex+4 Stlth+} (You took it off a kobold on level 9 of the Dungeon)
  4417 | D:9      | Found a staircase to the Lair.
  4424 | D:9      | Reached *** piety under Sif Muna
  4566 | D:9      | Found a staircase to the Orcish Mines.
  4608 | Orc:1    | Entered Level 1 of the Orcish Mines
  4726 | Orc:2    | Entered Level 2 of the Orcish Mines
  4726 | Orc:2    | Noticed an orc knight
  4726 | Orc:2    | Noticed Donald
  4726 | Orc:2    | Noticed Uberwunderbarhen's ghost (journeyman OpTm)
  4730 | Orc:2    | Killed Uberwunderbarhen's ghost
  4730 | Orc:2    | Reached skill level 11 in Conjurations
  4730 | Orc:2    | Reached XP level 11. HP: 53/53 MP: 5/26
  4732 | Orc:2    | Noticed Maurice
  4903 | Orc:1    | Found a frozen archway.
  4906 | Orc:1    | Noticed ololoev's ghost (novice DEFE)
  4913 | IceCv    | Entered an ice cave
  4934 | IceCv    | Reached **** piety under Sif Muna
  5021 | IceCv    | jacquesderrida: waaaaaaat
  5030 | IceCv    | jacquesderrida: мне померещилось
  5034 | IceCv    | jacquesderrida: что с заголовком iceblast
  5039 | IceCv    | jacquesderrida: в инвентаре...
  5039 | IceCv    | ololoev: вот он
  5039 | IceCv    | jacquesderrida: ватттт
  5039 | IceCv    | jacquesderrida: КОЛД
  5039 | IceCv    | ololoev: реформа вандов
  5039 | IceCv    | jacquesderrida: Что сделали?
  5039 | IceCv    | ololoev: ванды колда, дрейна, фризинга, файерболла и инвиза выпилили
  5039 | IceCv    | ololoev: файербол заменили на айсбласт
  5039 | IceCv    | ololoev: это как файербол, только колд+физдамаг, ак у сосули
  5039 | IceCv    | jacquesderrida: Ледяной файербол
  5039 | IceCv    | jacquesderrida: Неплохо
  5039 | IceCv    | ololoev: дрейн заменили на коррозив болт
  5039 | IceCv    | ololoev: в целом хорошо сделали
  5039 | IceCv    | jacquesderrida: Но бессмысленно
  5039 | IceCv    | ololoev: не тупо
  5039 | IceCv    | ololoev: почему, коррозия полезная хрень
  5039 | IceCv    | jacquesderrida: Это понятно
  5039 | IceCv    | jacquesderrida: Но они уже не улучшают ничего
  5039 | IceCv    | jacquesderrida: Не фиксят...
  5039 | IceCv    | jacquesderrida: А просто меняют
  5039 | IceCv    | ololoev: это да, у дэвов иссяк поток новх мыслей
  5043 | IceCv    | jacquesderrida: Два одинаково жизнеспособных варианта, один поменяли на второй...
  5058 | IceCv    | Noticed a necromancer
  5061 | IceCv    | jacquesderrida: Да не, я думаю мыслей у них много
  5062 | IceCv    | Killed a necromancer
  5062 | IceCv    | Reached skill level 10 in Spellcasting
  5063 | IceCv    | jacquesderrida: Просто нужно другую игру делать
  5073 | IceCv    | ololoev: блин вот я чую
  5073 | IceCv    | ololoev: сейчас статуя фиганет фризинг клаудом
  5073 | IceCv    | ololoev: и поминай как звали
  5073 | IceCv    | ololoev: тут же далеко облака уйдут по коридору
  5073 | IceCv    | ololoev: не убежать
  5081 | IceCv    | jacquesderrida: а шо делоть...
  5086 | IceCv    | ololoev: ха-ха, я первый
  5145 | IceCv    | jacquesderrida: Кстати, фризинг клауды можно файерболлом аннулировать
  5155 | IceCv    | jacquesderrida: Не стоит о том забывать...
  5155 | IceCv    | ololoev: о, точно!
  5182 | Orc:1    | jacquesderrida: сасцептибл ту колд
  5182 | Orc:1    | jacquesderrida: НАстало время айсбласта...
  5182 | Orc:1    | ololoev: да, правда его раза 3 эвокнуть получится
  5182 | Orc:1    | jacquesderrida: Хотя лучше бы просто пройти мимо
  5182 | Orc:1    | ololoev: хотя и снести надо всего 50хп
  5182 | Orc:1    | ololoev: 10АС
  5182 | Orc:1    | jacquesderrida: Da
  5187 | Orc:1    | jacquesderrida: воу
  5190 | Orc:1    | Killed ololoev's ghost
  5190 | Orc:1    | Reached ***** piety under Sif Muna
  5193 | Orc:1    | ololoev: файерболом догнал
  5194 | Orc:1    | jacquesderrida: напалм очень слабый
  5199 | Orc:1    | jacquesderrida: Во всех формах
  5311 | Orc:2    | Found an iron altar of Okawaru.
  5318 | Orc:2    | Killed Donald
  5318 | Orc:2    | Reached skill level 12 in Conjurations
  5322 | Orc:1    | ololoev: ненавижу амуриса
  5322 | Orc:1    | ololoev: опять будет мои хилвунды жрать
  5349 | Orc:2    | Noticed an orc high priest
  5351 | Orc:2    | Noticed an orc sorcerer
  5355 | Orc:1    | Killed Maurice
  5448 | Orc:1    | Found a roughly hewn altar of Beogh.
  5448 | Orc:1    | Noticed an orc high priest
  5454 | Orc:1    | Noticed a soul eater
  5458 | Orc:1    | Killed an orc high priest
  5582 | Lair:1   | Entered Level 1 of the Lair of Beasts
  5655 | Lair:1   | Reached XP level 12. HP: 58/58 MP: 10/28
  5770 | Lair:2   | Noticed a four-headed hydra
  5774 | Lair:2   | Killed a four-headed hydra
  5888 | Lair:2   | Reached skill level 1 in Armour
  5970 | Lair:2   | Noticed a six-headed hydra
  5979 | Lair:2   | Killed a six-headed hydra
  5979 | Lair:2   | Reached ****** piety under Sif Muna
  5979 | Lair:2   | Received a gift from Sif Muna
  6128 | Lair:4   | Found a staircase to the Shoals.
  6184 | Lair:5   | Found a staircase to the Snake Pit.
  6558 | Lair:5   | Reached skill level 1 in Fighting
  6565 | Lair:5   | Got a twisted broad axe
  6566 | Lair:5   | Identified the cursed +1 broad axe of the Assorted Planets {antimagic, *Corrode *Confuse rPois Int+8} (You found it on level 5 of the Lair of Beasts)
  6626 | Lair:6   | Reached skill level 13 in Conjurations
  6805 | Lair:7   | Noticed Rupert
  7031 | Lair:8   | Entered Level 8 of the Lair of Beasts
  7052 | Lair:8   | Noticed Duffy's ghost (journeyman VSAs)
  7071 | Lair:8   | Learned a level 6 spell: Iron Shot
  7132 | Lair:8   | Noticed an eight-headed hydra
  7157 | Lair:8   | Killed an eight-headed hydra
  7282 | Lair:7   | Noticed a six-headed hydra
  7287 | Lair:7   | Noticed an eight-headed hydra
  7297 | Lair:7   | HP: 1/62 [eight-headed hydra (3)]
  7298 | Lair:7   | Slain by an eight-headed hydra

Dungeon Overview and Level Annotations

Branches:
Dungeon (10/15)            Temple (1/1) D:6            Lair (8/8) D:9
 Shoals (0/4) Lair:4        Snake (0/4) Lair:5          Orc (2/2) D:9
  Slime: Lair:6-8       Elf: Orc:2

Altars:
Cheibriados
Dithmenos
Elyvilon
Fedhas
Gozag
Makhleb
Nemelex Xobeh
Okawaru
Pakellas
Qazlal
Ru
Sif Muna
Trog
Vehumet
Xom
Yredelemnul
Zin
The Shining One
Beogh
Lugonu

Annotations:
Lair:7 Rupert
Lair:8 Duffy's ghost, journeyman VSAs


Message History

The fireball explodes!
The fireball engulfs the elephant.
The elephant is heavily wounded.
The fireball engulfs the elephant.
The elephant is almost dead.
You hear a croak.
You hear a roar!
The elephant closely misses you.
The elephant trunk-slaps you but does no damage.
Unknown command.
An elephant comes into view.
Found a scroll labeled AVIAKL GUIBI.
A yak comes into view.
A yak comes into view.
Found a club.
An eight-headed hydra comes into view.
The elephant tramples you!
You hold your ground!
The elephant closely misses you.
A spiny frog comes into view.
The spiny frog completely misses you. The spiny frog closely misses you.
The eight-headed hydra bites you. The eight-headed hydra bites you!
The eight-headed hydra bites you but does no damage. x2
The eight-headed hydra closely misses you.
The eight-headed hydra bites you! x2; The eight-headed hydra bites you.
Read which item? (? for menu, Esc to quit)
As you read the scroll of fear, it crumbles to dust.
You assume a fearsome visage.
The yak looks frightened!
The elephant looks frightened! x2; The elephant resists with some effort.
The elephant looks frightened!
The spiny frog looks frightened!
Unknown command.
Drink which item? (? for menu, Esc to quit)
You feel much better. The eight-headed hydra bites you!
The eight-headed hydra bites you but does no damage. x4
The eight-headed hydra bites you! The eight-headed hydra bites you.
The eight-headed hydra misses you.
Drink which item? (? for menu, Esc to quit)
You feel much better. The eight-headed hydra bites you.
The eight-headed hydra barely misses you.
The eight-headed hydra closely misses you.
The eight-headed hydra misses you. The eight-headed hydra bites you. x3
You die...

You could see an eight-headed hydra, an elephant (inner flame) and a jelly.

Vanquished Creatures
  Donald (Orc:2)
  3 hydras
  The ghost of Uberwunderbarhen the Nimble, a journeyman OpTm of Makhleb (Orc:2)
  An orc high priest (Orc:1)
  An unseen horror (D:9)
  The ghost of ololoev the Destroyer, a novice DEFE of Sif Muna (Orc:1)
  A necromancer (IceCv)
  Maurice (Orc:1)
  A black mamba (Lair:6)
  4 ice statues (IceCv)
  8 spiny frogs
  2 komodo dragons
  4 ice devils (IceCv)
  6 trolls
  Grinder (D:6)
  A two-headed ogre (D:9)
  A spriggan (Lair:5)
  A wyvern (Lair:6)
  2 hippogriffs
  4 yaks
  A hungry ghost (D:7)
  A naga (Lair:5)
  6 wolves
  2 basilisks (Lair:5)
  2 wargs (Orc:1)
  Edmund (D:6)
  8 water moccasins
  7 orc warriors
  A black bear (Lair:2)
  5 ice beasts
  2 sky beasts
  6 porcupines
  8 ogres
  2 necrophages (D:8)
  2 centaurs
  6 crocodiles
  7 big kobolds (D:9)
  4 giant frogs
  5 gnoll sergeants (D:9)
  4 scorpions
  3 killer bees (D:8)
  6 wights (D:8)
  9 electric eels
  2 crimson imps (D:9)
  7 hounds
  9 orc priests
  A jelly (D:8)
  14 orc wizards
  3 worker ants
  2 iguanas
  A hound skeleton (D:7)
  2 mummies (D:8)
  2 worker ant zombies (D:8)
  4 gnolls
  23 river rats
  5 adders
  2 shadow imps
  An ooze (D:2)
  An adder skeleton (D:5)
  An adder zombie (D:9)
  A worm (D:4)
  7 giant geckos
  31 orcs
  A ball python (D:5)
  4 bats
  6 giant cockroaches
  A hobgoblin (D:2)
  11 jackals
  3 quokkas
  A giant gecko skeleton (D:7)
  2 giant newts
  6 goblins
  A jackal zombie (D:7)
  10 kobolds
  7 rats
  3 fungi
  2 plants
320 creatures vanquished.

Vanquished Creatures (others)
  A quokka (D:4)
  9 fungi
  A plant (D:7)
11 creatures vanquished.

Grand Total: 331 creatures vanquished

Action                   |  1- 3 |  4- 6 |  7- 9 | 10-12 || total
-------------------------+-------+-------+-------+-------++-------
Melee: Dagger            |    26 |       |     6 |       ||    32
       Spear             |       |    33 |       |       ||    33
       Flail             |       |       |    56 |    92 ||   148
 Cast: Flame Tongue      |    48 |    50 |    78 |    23 ||   199
       Conjure Flame     |     1 |     4 |     9 |     9 ||    23
       Inner Flame       |     1 |     2 |     4 |    13 ||    20
       Sticky Flame      |       |     7 |    22 |    26 ||    55
       Fireball          |       |       |    30 |   176 ||   206
       Regeneration      |       |       |     3 |    13 ||    16
Invok: Channel Energy    |       |       |    50 |   308 ||   358
Evoke: Wand              |       |       |     3 |     9 ||    12
  Use: Scroll            |     7 |       |     9 |    11 ||    27
       Potion            |       |       |     3 |     6 ||     9
 Stab: Sleeping          |     5 |     6 |       |       ||    11
       Paralysed         |       |       |     4 |       ||     4
  Eat: Chunk             |       |     5 |    11 |    57 ||    73
       Pizza             |       |       |     1 |     1 ||     2
       Royal jelly       |       |       |     2 |       ||     2
       Meat ration       |       |       |     1 |     1 ||     2
       Bread ration      |       |       |       |     3 ||     3
       Fruit             |       |       |       |     7 ||     7

Vault maps used:
D:1:      lightli_arrival_boilingwater
D:2:      nicolae_overflow_crystal_walls, grunt_gozag_statues,
          uniq_crazy_yiuf_cottage
D:3:      lemuel_coloured_pillars_altar, ecumenical_altar_2
D:4:      elyvilon_altar_4, xom_teletrap_fun, kennysheep_vampire_church,
          first_bread, supply_closet_lemuel, patterned_corridor
D:5:      minmay_misc_feat_x, okawaru_metal_pillars_1_2
D:6:      zin_scriptorium, nemelex_xobeh_ov_fountains_minmay,
          minmay_temple_entry_glassed_door, uniq_grinder, uniq_edmund
D:7:      kennysheep_mini, old_standard_altar, serial_bayou,
          serial_bayou_lake_a, serial_bayou_pond_a, serial_bayou_pond_d,
          serial_bayou_pond_b
D:8:      serial_undead, serial_undead_d, serial_undead_a, serial_undead_a,
          serial_undead_f
D:9:      gammafunk_temple_overflow_statue, erik_lair_island,
          kennysheep_orc_monster_closet_entryway
D:10:     serial_shops, shop
Temple:   corrupted_temple
Lair:1:   grunt_forest_large_clearings
Lair:2:   statuecave_lemuel
Lair:3:   guppyfry_lair_drakes
Lair:4:   elwin_shoals_entry_rocks, infiniplex_staircase_pool,
          grunt_megastairs_2
Lair:5:   guppyfry_snake_entry_island, grunt_forest_large_clearing_hut,
          lemuel_fruit_fields
Lair:7:   minmay_slime_entry_pillars, beast_lair_carwin_2, uniq_rupert
Lair:8:   due_jungle_book, wad_woods_road_02, nicolae_quartered_pool_super,
          uniq_nessos
Orc:1:    portal_ice_cave_entry_pillars_02, nicolae_orc_bridge_out,
          kennysheep_orc_chapel
Orc:2:    grunt_orc_tribal_feast, basic_altar, serial_shops,
          nicolae_shop_overgrown_old_shop, david_defended_altar_orc,
          uniq_maurice, uniq_donald
IceCv:    ice_cave_tombish
